 Dungeon Crawl Stone Soup version 0.29.0-4-gdea44cf6ec (webtiles) character file.

Game seed: 15167742555497891924

53 qw the Chopper (level 3, 0/29 HPs)
             Began as a Barachi Chaos Knight on Sept 4, 2022.
             Slain by an ufetubus (3 damage)
             ... summoned by Xom
             ... on level 2 of the Dungeon.
             The game lasted 00:00:42 (1801 turns).

qw the Chopper (Barachi Chaos Knight)               Turns: 1801, Time: 00:00:42

Health: 0/29       AC:  7    Str: 14 (15) XL:     3   Next: 87%
Magic:  3/3        EV:  9    Int: 12      God:
Gold:   87         SH:  0    Dex:  3 (9)  Spells: 2/2 levels left

rFire   . . .      SeeInvis .   a - +0 hand axe (chaos)
rCold   . . .      Faith    .   (no shield)
rNeg    . . .      Spirit   .   g - +0 scale mail
rPois   .          Reflect  .   (helmet restricted)
rElec   .          Harm     .   (no cloak)
rCorr   .          Rampage  .   d - +0 pair of gloves
Will    .....                   (no boots)
Stlth   ..........              (no amulet)
HPRegen 0.09/turn               (no ring)
MPRegen 0.08/turn               (no ring)

@: slow
A: amphibious, slowness 1, strong legs 1, +LOS, horns 1, clumsy 1, deterioration
2
a: Hop


You were on level 2 of the Dungeon.
You visited 1 branch of the dungeon, and saw 2 of its levels.

You collected 113 gold pieces.
You spent 26 gold pieces at shops.


Innate Abilities, Weirdness & Mutations

You are amphibious.
You cover ground slowly.
You can hop short distances.
You have an extended range of vision and can be seen from far away.
You have a pair of small horns on your head.
You are clumsy. (Dex -2)
Your body often deteriorates upon taking damage.


   Skills:
 - Level 3.6 Fighting
 + Level 5.1 Axes
 - Level 2.4 Armour
 - Level 1.1 Dodging


You had 2 spell levels left.
You didn't know any spells.
Your spell library was empty.

Inventory:

Hand Weapons
 a - a +0 hand axe of chaos (weapon)
 e - a +0 club
Armour
 d - a +0 pair of gloves (worn)
 g - a +0 scale mail (worn)
Scrolls
 b - a scroll of identify
 h - a scroll of summoning {unknown}
 j - a scroll of amnesia {unknown}
Potions
 f - 2 potions of curing {unknown}
 i - a potion of attraction {unknown}
Miscellaneous
 c - a piece from Xom's chessboard (15/15)

Dungeon Overview and Level Annotations

Branches:
Dungeon (2/15)

Altars:

Shops:
D:2 ?


Message History

You barely miss the ufetubus. The ufetubus closely misses you.
The ufetubus hits you.
Your body deteriorates!
You feel weakened.
The crimson imp blinks!
The crimson imp hits you but does no damage.
You barely miss the crimson imp. You headbutt the crimson imp.
The crimson imp is heavily wounded.
You hit the ufetubus. You burn the ufetubus.
The ufetubus hits you but does no damage. x2
The ufetubus barely misses you.
The ufetubus hits you but does no damage.
The crimson imp hits you but does no damage.
You miss the ufetubus.
The ufetubus is severely wounded.
You hit the crimson imp.
Lightning courses through the crimson imp!
You kill the crimson imp!
The crimson imp disappears in a puff of smoke!
The ufetubus hits you but does no damage.
The ufetubus closely misses you.
You miss the ufetubus.
The ufetubus is severely wounded.
You closely miss the ufetubus. The ufetubus barely misses you.
The ufetubus hits you but does no damage.
The ufetubus barely misses you.
The ufetubus hits you but does no damage. x2
The ufetubus completely misses you. The ufetubus hits you.
The ufetubus hits you but does no damage.
You miss the ufetubus.
The ufetubus is severely wounded.
You hit the ufetubus.
The ufetubus resists with some effort.
The ufetubus hits you. The ufetubus closely misses you.
The ufetubus hits you but does no damage.
The ufetubus barely misses you.
You closely miss the ufetubus.
The ufetubus is severely wounded.
You barely miss the ufetubus.
The ufetubus hits you. x3; The ufetubus barely misses you.
The ufetubus hits you.
You die...

##.. ##.......## #
#... #^........####
... +.........'... ...
#.........#### ..
##.......## # #.##
##.....## ..# ##...##
#5# ##+## #@# #.#
###### #####5#### #.#
#.....
#..<555..####.###.####
#.###..........##.#
#.# #.##.##.....#.####
#.# #..........).....#
#.# #.##.##.#.###.....
#.# #.##.##.### #....#
#.###.......# #.####


You could see a crimson imp (summoned), 2 white imps and 2 ufetubi.

Vanquished Creatures
  An adder (D:2)
  2 bats
  5 endoplasms
  7 giant cockroaches (D:1)
  4 goblins
  3 hobgoblins
  A quokka (D:1)
  7 ball pythons
  2 frilled lizards
  3 kobolds (D:1)
  2 rats
37 creatures vanquished.

Notes
Turn   | Place    | Note
-------+----------+-------------------------------------------
     0 | D:1      | qw the Barachi Chaos Knight began the quest for the Orb.
     0 | D:1      | Reached XP level 1. HP: 18/18 MP: 1/1
     0 | D:1      | 0 ||| qw: Version: 0.1-a-103-gd6f5d3a
     0 | D:1      | 0 ||| qw: Game counter: 5702
     0 | D:1      | 0 ||| qw: Always use a shield: true
     0 | D:1      | 0 ||| qw: God list: Okawaru
     0 | D:1      | 0 ||| qw: Allow faded altars: false
     0 | D:1      | 0 ||| qw: Do Orc after D:15 true
     0 | D:1      | 0 ||| qw: Do second Lair branch before Depths: true
     0 | D:1      | 0 ||| qw: Lair rune preference: random
     0 | D:1      | 0 ||| qw: Plans: Normal
     0 | D:1      | 0 ||| PLANNING D:1-11
     0 | D:1      | Fell from the grace of Xom
   391 | D:1      | 391 ||| Stepping ~*~*~tactically~*~*~ (stealth).
   395 | D:1      | Reached XP level 2. HP: 24/24 MP: 2/2
   401 | D:1      | Reached skill level 4 in Axes
   709 | D:1      | XOM: give mutations
   709 | D:1      | Gained mutation: You have a pair of small horns on your
                  | head. [Xom's mischief]
   709 | D:1      | Gained mutation: You are clumsy. (Dex -2) [Xom's mischief]
   709 | D:1      | Gained mutation: Your body sometimes deteriorates upon
                  | taking damage. [Xom's mischief]
   709 | D:1      | Gained mutation: Your body often deteriorates upon taking
                  | damage. [Xom's mischief]
   719 | D:1      | 719 ||| Stepping ~*~*~tactically~*~*~ (stealth).
   729 | D:1      | Reached XP level 3. HP: 27/29 MP: 3/3
   799 | D:1      | 799 ||| Stepping ~*~*~tactically~*~*~ (stealth).
   809 | D:1      | XOM: torment (16/29 hp)
   811 | D:1      | 811 ||| Stepping ~*~*~tactically~*~*~ (stealth).
  1153 | D:1      | 1153 ||| UPGRADING to +0 pair of gloves.
  1158 | D:1      | 1158 ||| UPGRADING to +0 scale mail.
  1168 | D:1      | 1168 ||| DROPPING +2 leather armour.
  1169 | D:1      | 1169 ||| DROPPING amulet of magic regeneration.
  1170 | D:1      | 1170 ||| DRINKING 2 clear potions.
  1171 | D:1      | 1171 ||| DROPPING potion of flight.
  1191 | D:2      | Found Owkearghi's Magic Scroll Shoppe.
  1205 | D:2      | 1205 ||| SHOPLISTING scroll of enchant weapon (97 gold,
                  | have 50).
  1205 | D:2      | 1205 ||| BUYING scroll of identify (26 gold).
  1205 | D:2      | Bought a scroll of identify for 26 gold pieces
  1205 | D:2      | 1205 ||| SHOPLISTING scroll of teleportation (39 gold, have
                  | 24).
  1364 | D:2      | 1364 ||| Stepping ~*~*~tactically~*~*~ (stealth).
  1371 | D:2      | Reached skill level 5 in Axes
  1577 | D:2      | XOM: summons 1 hostile demon
  1685 | D:2      | 1685 ||| Stepping ~*~*~tactically~*~*~ (stealth).
  1777 | D:2      | XOM: summons 7 hostile demons
  1800 | D:2      | HP: 7/29 [ufetubus[Xom] (1)]
  1801 | D:2      | HP: 3/29 [ufetubus[Xom] (1)]
  1801 | D:2      | Slain by an ufetubus

Levels and vault maps discovered:
D:1:      dpeg_arrival_chambers_temple_mockup, layout_loops_ring,
          minmay_worlds_worst_comb
D:2:      layout_loops_corners, serial_shops, shop

Skill      XL: |  1  2  3 |
---------------+----------+-----
Axes           | 4 5 |  5.1
Fighting       | |  3.6
Armour         | |  2.4
Dodging        | |  1.1

Action                   || total
-------------------------++-------
Melee: Hand axe          ||   112
       Headbutt          ||     8
Invok: Renounce Religion ||     1
  Use: Potion            ||     1
Armor: Leather armour    ||    15
       Scale mail        ||    79
Dodge: Dodged            ||    81

Table legend:
 A = Non-vault XP
 B = Vault XP
 C = Vault XP percentage of total XP
 D = Non-vault monster count
 E = Vault monster count
 F = Vault count percentage of total count
                 A         B        C        D         E       F
            +---------+---------+-------+---------+---------+-------
      Total |      62 |      14 |  18.4 |      30 |       7 |  18.9
            +---------+---------+-------+---------+---------+-------
        D:1 |      31 |      14 |  31.1 |      19 |       7 |  26.9
        D:2 |      31 |       0 |   0.0 |      11 |       0 |   0.0
            +---------+---------+-------+---------+---------+-------
